 Dungeon Crawl Stone Soup version 0.31-a0-818-ge7c7cf74f0 (webtiles) character file.

Game seed: 13183994820771380003

1663249 EnegeticOcto the Knight (level 25, 238/238 HPs)
             Began as an Armataur Delver on Sept 23, 2023.
             Was a Priest of Okawaru.
             Escaped with the Orb
             ... and 3 runes!
             The game lasted 01:30:13 (66468 turns).

EnegeticOcto the Knight (Armataur Delver)          Turns: 66468, Time: 01:30:14

Health: 238/238    AC: 62    Str: 27    XL:     25   Next: 23%
Magic:  30/36      EV: 18    Int:  9    God:    Okawaru [***...]
Gold:   1119       SH: 17    Dex: 14    Spells: 24/24 levels left

rFire   . . .        b - +8 mithril axe "Arga" {speed, Will+}
rCold   + . .        V - +1 kite shield {AC+3}
rNeg    . . .        X - +13 crystal plate armour "Tisool" {rC+}
rPois   +            J - +2 helmet
rElec   .            E - +0 cloak
rCorr   .            C - +3 Mad Mage's Maulers {Infuse+∞ VampMP -Cast}
SInv    .            x - +3 barding of the Charred God {rPois Stlth+}
Will    ++...        Q - amulet of regeneration Stlth
                     u - +5 ring of evasion
HPRegen 1.39/turn    Y - +5 ring of evasion
MPRegen 0.25/turn

%: no spellcasting, roll, infuse magic (30 MP)
@: heroic, finesse-ful, studying 4 skills
A: large, rugged brown scales 3, deformed body, armoured tail, roll, long
tongue, awkward tongue, talons 1, dopey 1
0: Orb of Zot
}: 3/15 runes: serpentine, barnacled, silver
a: Renounce Religion, Heroism


You escaped.
You worshipped Okawaru.
Okawaru was most pleased with you.
You visited 10 branches of the dungeon, and saw 48 of its levels.
You also visited: Ice Cave.

You collected 7467 gold pieces.
You spent 6348 gold pieces at shops.

Inventory:

Hand Weapons
 a - the +6 long sword "Ostradycs" {chaos, rF+ Will+ Str+3 Stlth+}
   (You found it on level 5 of the Vaults)

   Str+3:     It affects your strength (+3).
   rF+:       It protects you from fire.
   Will+:     It increases your willpower.
   Stlth+:    It makes you more stealthy.
 b - the +8 mithril axe "Arga" (weapon) {speed, Will+}
   (Okawaru gifted it to you on level 2 of the Lair of Beasts)

   Will+:     It increases your willpower.
Missiles
 p - 30 boomerangs (quivered)
 B - 10 throwing nets {!f}
 D - 24 curare-tipped darts
 F - 15 javelins
 Z - 34 silver javelins
Armour
 x - the +3 barding of the Charred God (worn) {rPois Stlth+}
   (You acquired it on level 1 of the Shoals)

   rPois:     It protects you from poison Stlth+: It makes you more stealthy.
 y - the +0 gold dragon scales of Filth {rPois rF+ rC+ Dex+7}
   (Okawaru gifted it to you on level 2 of the Lair of Beasts)

   Dex+7:     It affects your dexterity (+7).
   rF+:       It protects you from fire.
   rC+:       It protects you from cold.
   rPois:     It protects you from poison
 C - the +3 Mad Mage's Maulers (worn) {Infuse+∞ VampMP -Cast}
   (You found it on level 3 of the Elven Halls)

   Infuse+∞: It empowers its wearer's blows with all of their magic.
   VampMP:    Blows struck in melee replenish the wearer's magic.
   -Cast:     It prevents spellcasting.
 E - a +0 cloak (worn)
   (You found it on level 6 of the Dungeon)
 J - a +2 helmet (worn)
   (You bought it in a shop on level 9 of the Dungeon)
 V - a +1 kite shield of protection (worn)
   (You took it off a naga warrior on level 4 of the Snake Pit)
 X - the +13 crystal plate armour "Tisool" (worn) {rC+}
   (You took it off a vault guard on level 5 of the Vaults)

   rC+:       It protects you from cold.
Magical Staves
 l - a staff of air
   (You found it on level 1 of the Snake Pit)
Jewellery
 k - a ring of resist corrosion
   (You found it on level 8 of the Dungeon)
 u - a +5 ring of evasion (left hand)
   (You found it on level 1 of the Dungeon)
 Q - an amulet of regeneration (around neck)
   (You found it on level 3 of the Lair of Beasts)
 Y - a +5 ring of evasion (right hand)
   (You found it on level 1 of the Snake Pit)
Wands
 g - a wand of digging (39) {@v3}
 j - a wand of acid (25) {@v1}
   (You found it on level 7 of the Dungeon)
 v - a wand of paralysis (43)
   (You found it on level 5 of the Dungeon)
 I - a wand of polymorph (12)
   (You found it on level 4 of the Shoals)
 O - a wand of iceblast (51) {@v2}
   (You found it on level 5 of the Dungeon)
 P - a wand of mindburst (52)
   (You found it on level 9 of the Dungeon)
Scrolls
 c - 6 scrolls of fog {!r}
 e - 15 scrolls of fear {!r}
 h - 2 scrolls of blinking {@r4}
 m - 12 scrolls of teleportation {@r3 !r}
 n - 6 scrolls of poison
 o - 3 scrolls of silence {!r}
 q - 3 scrolls of torment
 w - 9 scrolls of immolation
 H - 3 scrolls of revelation {@r5 !r}
 T - 4 scrolls of vulnerability
Potions
 f - 5 potions of haste {@q4 !q}
 i - 13 potions of might {@q3 !q}
 r - 13 potions of heal wounds {@q2 !q}
 s - a potion of berserk rage
 t - 5 potions of lignification {@q6}
 z - 19 potions of curing {@q1 !q}
 A - 4 potions of ambrosia
 G - 8 potions of attraction
 L - 8 potions of cancellation
 M - 6 potions of resistance
 N - 6 potions of enlightenment
 R - 7 potions of mutation
 S - 3 potions of magic
 U - 5 potions of invisibility
Miscellaneous
 d - a lightning rod (4/4)
   (You found it on level 5 of the Vaults)
 K - a tin of tremorstones (2/2)
   (You bought it in a shop on level 3 of the Vaults)
 W - a phial of floods
   (You found it on level 5 of the Vaults)


   Skills:
 - Level 17.9(22.9) Fighting
 - Level 16.5(21.9) Axes
 - Level 6.0(18.1) Maces & Flails
 - Level 17.9(22.9) Throwing
 - Level 17.9(22.9) Armour
 + Level 11.8(16.8) Dodging
 - Level 5.4(10.4) Stealth
 - Level 17.9(22.9) Shields
 - Level 18.0 Invocations
 + Level 13.7 Evocations


You had 24 spell levels left.
You didn't know any spells.
Your spell library contained the following spells:

 Spells                   Type           Power      Damage    Failure   Level
 Foxfire                  Conj/Fire      0%         2x1d4     99%         1
 Freeze                   Ice            0%         1d3       99%         1
 Necrotise                Necr           0%         1d4       99%         1
 Sandblast                Erth           0%         2d4       99%         1
 Sting                    Tmut/Pois      0%         1d3       99%         1
 Blink                    Tloc           0%         N/A       100%        2
 Jinxbite                 Hex            0%         N/A       100%        2
 Momentum Strike          Conj/Tloc      0%         3d8       100%        2
 Passwall                 Tmut/Erth      0%         N/A       100%        2
 Poisonous Vapours        Pois/Air       0%         N/A       100%        2
 Scorch                   Fire           0%         2d5       100%        2
 Static Discharge         Conj/Air       0%         2-2/arc   100%        2
 Sublimation of Blood     Necr           0%         N/A       100%        2
 Wereblood                Tmut           0%         N/A       100%        2
 Dazzling Flash           Conj/Hex       0%         N/A       100%        3
 Frozen Ramparts          Ice            0%         1d1       100%        3
 Hailstorm                Conj/Ice       0%         3d3       100%        3
 Ignite Poison            Fire/Tmut/Pois 0%         N/A       100%        3
 Ozocubu's Armour         Ice            0%         N/A       100%        3
 Stone Arrow              Conj/Erth      0%         3d7       100%        3
 Teleport Other           Tloc           0%         N/A       100%        3
 Vampiric Draining        Necr           0%         2d6       100%        3
 Volatile Blastmotes      Fire/Tloc      0%         2d10      100%        3
 Airstrike                Air            0%         2d(0-16)  100%        4
 Brom's Barrelling Bould  Conj/Erth      0%         2d3       100%        4
 Flame Wave               Conj/Fire      0%         2d4       100%        4
 Fulminant Prism          Conj/Hex       0%         3d5       100%        4
 Iskenderun's Mystic Bla  Conj/Tloc      0%         2d3       100%        4
 Manifold Assault         Tloc           0%         N/A       100%        4
 Olgreb's Toxic Radiance  Pois           0%         N/A       100%        4
 Petrify                  Tmut/Erth      0%         N/A       100%        4
 Sticky Flame             Conj/Fire      0%         2d3       100%        4
 Agony                    Necr           0%         N/A       100%        5
 Fireball                 Conj/Fire      0%         3d3       100%        5
 Irradiate                Conj/Tmut      0%         3d11      100%        5
 Iskenderun's Battlesphe  Conj           0%         2d6       100%        5
 Yara's Violent Unravell  Hex/Tmut       0%         3d3       100%        5
 Conjure Ball Lightning   Conj/Air       0%         3x3d6     100%        6
 Orb of Destruction       Conj           0%         9d5       100%        7
 Ozocubu's Refrigeration  Ice            0%         4d7       100%        7
 Lehudib's Crystal Spear  Conj/Erth      0%         10d2      100%        8
 Chain Lightning          Conj/Air       0%         N/A       100%        9
 Fire Storm               Conj/Fire      0%         5d1       100%        9
 Polar Vortex             Ice            0%         N/A       100%        9
 Shatter                  Erth           0%         3d5*      100%        9
 Summon Guardian Golem    Hex/Summ       Unusable   N/A       N/A         3
 Animate Armour           Summ/Erth      Unusable   N/A       N/A         4
 Summon Lightning Spire   Summ/Air       Unusable   N/A       N/A         4
 Summon Cactus Giant      Summ           Unusable   N/A       N/A         6
 Spellforged Servitor     Conj/Summ      Unusable   N/A       N/A         7

Dungeon Overview and Level Annotations

Branches:
Dungeon (15/15)            Temple (1/1) D:6            Lair (5/5) D:8
 Shoals (4/4) Lair:2        Snake (4/4) Lair:2        Slime (0/5) Lair:4
    Orc (2/2) D:9             Elf (3/3) Orc:2        Vaults (5/5) D:14
  Crypt (0/3) Vaults:2     Depths (4/4) D:15            Zot (5/5) Depths:4
  IceCv (visited)

Altars:
Ashenzari
Cheibriados
Dithmenos
Elyvilon
Fedhas
Gozag
Hepliaklqana
Kikubaaqudgha
Makhleb
Nemelex Xobeh
Okawaru
Qazlal
Ru
Sif Muna
Trog
Uskayaw
Vehumet
Wu Jian
Xom
Yredelemnul
Zin
The Shining One

Shops:
D:1 !   D:9 [   D:15 (   Orc:1 !   Orc:2 (*[:   Elf:1 *   Elf:3 !![(*
Shoals:1 *!!   Shoals:3 ?   Snake:2 [[   Vaults:3 *   Depths:1 :

Portals:
Hell: Depths:1 Depths:2 Depths:3 Depths:4
Abyss: Depths:2 Depths:3
Pandemonium: Depths:2
Ziggurat: Depths:2

Annotations:
D:11 3 runed translucent doors, exclusion: 3 doors, Mindmass's ghost, journeyman HuCj
Elf:1 6 runed translucent doors
Elf:2 3 runed translucent doors
Vaults:1 2 runed translucent doors, exclusion: 2 doors, Dacon's ghost, adept MiGl; Switch's ghost, veteran DDFi
Depths:3 3 runed translucent doors, exclusion: 3 doors, Cekoi's ghost, veteran DjFE
Depths:4 exclusions: draconian stormcaller and 3 more exclusions


Innate Abilities, Weirdness & Mutations

You are completely covered in rugged brown scales. (AC +3, +7% HP)
Armour fits poorly on your strangely shaped body.
You have a long armoured tail.
You roll when moving toward enemies. (Rampage)
Your long tongue fully drains potion bottles. (2x potion effects)
Your tongue gives you trouble enunciating. (1.5x scroll delay)
You have sharp toenails.
You are dopey. (Int -2)


Message History

The Orb Guardian is almost dead.
The silver javelin barely misses the yellow draconian.
The silver javelin pierces through the purple draconian shifter!
The purple draconian shifter is moderately wounded.
Throw: 21 javelins (silver)
Press: ? - help, Q - select action, (/) - cycle Shift-Dir - straight line, f/p - purple draconian shifter
Aim: a purple draconian shifter, wielding a +1 long sword of electrocution and wearing a +0 cloak (moderately wounded, 62% to hit)
You throw a silver javelin.
The silver javelin pierces through the Orb Guardian!!
You kill the Orb Guardian!
Okawaru accepts your kill.
The silver javelin completely misses the yellow draconian.
The silver javelin pierces through the purple draconian shifter.
The purple draconian shifter is moderately wounded.
Throw: 20 javelins (silver)
Press: ? - help, Q - select action, (/) - cycle Shift-Dir - straight line, p - purple draconian shifter You throw a silver javelin.
The silver javelin pierces through the yellow draconian!!!
You kill the yellow draconian!
Okawaru accepts your kill.
The silver javelin pierces through the purple draconian shifter!
The purple draconian shifter is heavily wounded.
Throw: 19 javelins (silver)
Press: ? - help, Q - select action, (/) - cycle Shift-Dir - straight line You throw a silver javelin.
The silver javelin pierces through the purple draconian shifter!!!
You kill the purple draconian shifter!
Okawaru accepts your kill.
A black draconian knight comes into view.
It is wielding a +0 glaive.
Throw: 18 javelins (silver)
Press: ? - help, Q - select action, (/) - cycle Shift-Dir - straight line, f - black draconian knight
Aim: a black draconian knight, wielding a +0 glaive and wearing a +0 cloak (71% to hit)
You throw a silver javelin.
The silver javelin pierces through the black draconian knight.
The black draconian knight is lightly wounded.
Throw: 17 javelins (silver)
Press: ? - help, Q - select action, (/) - cycle Shift-Dir - straight line, f/p - black draconian knight
Aim: a black draconian knight, wielding a +0 glaive and wearing a +0 cloak (lightly wounded, 71% to hit)
You throw a silver javelin.
The silver javelin closely misses the black draconian knight.
You hear a shout!
Throw: 16 javelins (silver)
Press: ? - help, Q - select action, (/) - cycle Shift-Dir - straight line, f/p - black draconian knight
Aim: a black draconian knight, wielding a +0 glaive and wearing a +0 cloak (lightly wounded, 71% to hit)
You throw a silver javelin.
The silver javelin pierces through the black draconian knight!!!
The black draconian knight is heavily wounded.
Throw: 15 javelins (silver)
Press: ? - help, Q - select action, (/) - cycle Shift-Dir - straight line, f - green draconian, p - black draconian knight
Aim: a green draconian, wielding a +0 battleaxe (moderately wounded, 75% to hit)
You throw a silver javelin.
The silver javelin hits the black draconian knight and shatters for extra damage!!!
You kill the black draconian knight!
Okawaru accepts your kill.
Throw: 14 javelins (silver)
Press: ? - help, Q - select action, (/) - cycle Shift-Dir - straight line, f/p - green draconian
Aim: a green draconian, wielding a +0 battleaxe (moderately wounded, 75% to hit)
You throw a silver javelin.
The silver javelin pierces through the green draconian!!!
The green draconian is severely wounded.
The green draconian breathes poison at you.
The blast of poison engulfs you but does no damage.
You are poisoned.
You resist.
Throw: 36 boomerangs
Press: ? - help, Q - select action, (/) - cycle Shift-Dir - straight line, f/p - green draconian
Aim: a green draconian, wielding a +0 battleaxe (severely wounded, catching its breath, 75% to hit)
You throw a boomerang.
The boomerang hits the green draconian!!
The green draconian is almost dead.
You feel sick.
Throw: 36 boomerangs
Press: ? - help, Q - select action, (/) - cycle Shift-Dir - straight line, f/p - green draconian
Aim: a green draconian, wielding a +0 battleaxe (almost dead, catching its breath, 75% to hit)
You throw a boomerang.
The boomerang hits the green draconian but does no damage.
The green draconian is almost dead.
You feel sick.
Throw: 36 boomerangs
Press: ? - help, Q - select action, (/) - cycle Shift-Dir - straight line, f/p - green draconian
Aim: a green draconian, wielding a +0 battleaxe (almost dead, catching its breath, 75% to hit)
You throw a boomerang.
The boomerang closely misses the green draconian.
You feel sick.
Throw: 36 boomerangs
Press: ? - help, Q - select action, (/) - cycle Shift-Dir - straight line, f/p - green draconian
Aim: a green draconian, wielding a +0 battleaxe (almost dead, catching its breath, 75% to hit)
You throw a boomerang.
The boomerang hits the green draconian!!!
You kill the green draconian!
Okawaru accepts your kill. Okawaru grants you throwing weapons!
Something appears at your feet!
You feel sick.
Blink to where?
Press: ? - help, Dir - move target As you slowly read the scroll of blinking {@r4}, it crumbles to dust.
Okay, then.
Okay, then.
You have escaped!

#.##............#..#.....#####
#.##..###'###§.....#.....#####
####..##...##....#.##....##...
#..#.#'#.#....#.##....##...
#..#.#>#.#....#.##.........
#..#.###.'....#.##....#....
#..##...##........##+##....
#..#######............#.###
#.........@...........#.# #
#............)..........###
#########..#..#.#........##
##......#.........#
###..#.......##...
#..#.#..##.##...
#..#.#..##.##...
#..........##...
#....#.#.##.....


There were no monsters in sight!

Vanquished Creatures
  A pandemonium lord (D:12)
  A dread lich (Depths:3)
  4 ancient liches (Vaults:5)
  5 orbs of fire
  Mara (Shoals:4)
  A juggernaut (Depths:2)
  Sojobo (Vaults:1)
  A Killer Klown (Zot:5)
  Vv (Depths:4)
  Boris (Depths:4)
  Frederick (Depths:4)
  A curse toe (Zot:4)
  2 profane servitors
  Nikola (Snake:1)
  2 golden dragons
  A Brimstone Fiend (D:2)
  14 tentacled monstrosities
  12 Orb Guardians
  A walking earthen tome (Depths:3)
  A deep elf blademaster (Elf:3)
  A lich (Depths:3)
  5 titans
  Asterion (Vaults:1)
  2 quicksilver dragons
  4 krakens
  2 walking frostbound tomes
  An Executioner (Zot:5)
  13 sphinxes
  An ancient champion (Vaults:1)
  4 death cobs
  7 shadow dragons
  Agnes (D:14)
  18 storm dragons
  15 tengu reavers
  Aizul (Snake:1)
  4 draconian monks
  A revenant (Vaults:2)
  Ilsuiw (Shoals:3)
  5 draconian knights
  23 vault wardens
  9 fire giants
  6 nagarajas
  A ghost moth (shapeshifter) (Vaults:5)
  19 frost giants
  8 deep elf sorcerers
  3 iron dragons
  A ghost moth (Zot:5)
  8 deep elf elementalists (Elf:3)
  4 draconian scorchers
  Louise (Snake:2)
  3 orc warlords
  A reaper (Depths:4)
  2 draconian annihilators (Zot:1)
  3 spriggan defenders
  28 very ugly things
  2 draconian shifters (Zot:5)
  5 draconian stormcallers
  10 ironbound preservers
  13 stone giants
  7 deep elf demonologists
  A vampire knight (Depths:1)
  12 ironbound thunderhulks
  5 black draconians
  Nessos (D:15)
  8 green draconians
  8 red draconians
  9 dire elephants
  11 deep elf annihilators
  5 white draconians
  8 yellow draconians
  5 spark wasps
  7 purple draconians
  2 minotaurs (Shoals:4)
  3 crystal guardians
  4 deep elf death magi
  Josephine (Orc:1)
  The ghost of Jolaclal the Thaumaturge, a journeyman DjCj of Makhleb (Lair:2)
  9 ettins
  6 merfolk impalers
  15 fire dragons
  An entropy weaver (Vaults:3)
  7 deep elf high priests
  14 yaktaur captains
  32 vault guards
  8 great orbs of eyes
  7 hydras
  14 ironbound frosthearts
  19 ice dragons
  4 peacekeepers
  An ogre mage (Orc:2)
  4 rakshasas
  Erica (D:11)
  A catoblepas (D:13)
  A death knight (Vaults:2)
  4 salamander tyrants
  2 spriggan air magi
  3 alligator snapping turtles
  6 two-headed ogres
  6 dancing weapons
  3 merfolk avatars
  8 anacondas
  9 boulder beetles
  2 merfolk aquamancers
  17 centaur warriors
  7 tengu warriors
  3 death yaks (Lair:2)
  4 deep troll earth magi
  A deep troll shaman (Depths:4)
  Urug (Orc:1)
  12 satyrs
  24 naga warriors
  2 vampire magi
  9 spriggan berserkers
  A storm dragon zombie (Depths:2)
  3 orc high priests (Orc:2)
  4 hell hogs (D:2)
  9 shock serpents
  Nergalle (D:11)
  13 naga sharpshooters
  A soul eater (Vaults:2)
  12 hell knights
  Sonja (Lair:2)
  5 deep elf knights
  5 iron trolls
  A skeletal warrior (D:14)
  5 skysharks
  29 deep trolls
  A shadow wraith (Vaults:5)
  8 sea snakes
  A fire crab (shapeshifter) (Depths:4)
  6 salamander mystics
  A large abomination (D:12)
  A glowing orange brain (Depths:2)
  An orb spider (shapeshifter) (Vaults:5)
  3 flayed ghosts
  10 naga ritualists
  A swamp dragon (Lair:5)
  An orange crystal statue (IceCv)
  11 deep elf archers
  16 ironbound convokers
  7 necromancers
  7 harpies
  2 sphinx simulacra (Depths:2)
  9 orc knights
  A phantasmal warrior (Vaults:5)
  5 wizards
  11 deep elf zephyrmancers
  12 lindwurms
  44 ugly things
  9 mana vipers
  6 orc sorcerers
  10 deep elf pyromancers
  A mana viper (shapeshifter) (Depths:4)
  2 wolf spiders
  16 fauns
  A frost giant zombie (Vaults:2)
  19 salamanders
  9 cyclopes
  13 manticores
  12 moths of wrath
  A human skeleton (Vaults:5)
  8 merfolk sirens
  3 stone giant skeletons
  A rust devil (Depths:1)
  28 elephants
  5 guardian serpents
  A torpor snail (Lair:1)
  41 black mambas
  20 naga magi
  3 water nymphs
  3 smoke demons
  16 vault sentinels
  14 cane toads
  A gargoyle (D:14)
  A guardian serpent (shapeshifter) (D:15)
  2 unseen horrors
  An ice devil (Zot:2)
  Jeremiah (Lair:1)
  14 rime drakes
  A yaktaur zombie (Vaults:5)
  An efreet (D:15)
  A komodo dragon (shapeshifter) (Vaults:5)
  9 tengu conjurers
  49 yaktaurs
  2 freezing wraiths
  A kobold demonologist (D:10)
  A red devil (D:12)
  6 trolls
  9 komodo dragons
  A meliai (shapeshifter) (D:13)
  4 meliai
  24 merfolk
  11 polar bears
  A merfolk (shapeshifter) (Vaults:5)
  5 wind drakes
  11 hornets
  2 hellwings (Depths:4)
  A tarantella (Vaults:3)
  A wind drake (shapeshifter) (D:14)
  A tarantella (shapeshifter) (Depths:3)
  7 snapping turtles
  10 dream sheep
  6 blink frogs
  28 slime creatures
  2 centaur simulacra (D:15)
  A jumping spider (shapeshifter) (Vaults:5)
  4 shadows
  17 wyverns
  10 spriggans
  3 jumping spiders (Lair:1)
  23 yaks
  12 water elementals
  A vampire (D:10)
  An air elemental (Elf:2)
  5 wraiths (Orc:1)
  8 basilisks
  2 fire elementals (Elf:1)
  5 redbacks
  3 golden eyes (Depths:1)
  2 neqoxecs
  7 vampire mosquitoes
  A yaktaur simulacrum (Vaults:5)
  4 steam dragons
  3 acid dragons
  3 wargs
  74 nagas
  26 water moccasins
  3 hell hounds (Elf:3)
  6 swamp drakes (Lair:5)
  33 orc warriors
  2 ice beasts
  2 sky beasts
  A deep troll simulacrum (Vaults:2)
  A black bear (Lair:4)
  4 boggarts
  8 wolves
  8 ogres
  23 centaurs
  A tengu (shapeshifter) (D:14)
  2 human zombies (Vaults:2)
  11 bullfrogs
  6 kobold brigands
  A gnoll sergeant (D:6)
  An earth elemental (Elf:1)
  8 scorpions
  2 jellies
  16 wights
  11 killer bees
  A troll skeleton (D:12)
  2 howler monkeys (D:12)
  An electric eel (Lair:4)
  5 spriggan skeletons (D:12)
  5 lava snakes
  3 hounds
  17 orc priests
  5 iguanas
  Jessica (D:3)
  Ijyb (D:3)
  2 sleepcaps
  24 orc wizards
  Robin (D:4)
  10 adders
  11 gnolls
  A shadow imp (D:6)
  3 white imps
  2 ufetubi
  2 dart slugs
  115 orcs
  4 ball pythons
  10 bats
  10 endoplasms
  10 giant cockroaches
  22 goblins
  17 hobgoblins
  10 jackals
  38 kobolds
  A kobold (shapeshifter) (Depths:2)
  5 quokkas
  3 frilled lizards
  3 rats
  3 butterflies (D:5)
  14 tentacles
2088 creatures vanquished.

Vanquished Creatures (others)
  Margery (Depths:3)
  A draconian shifter (Zot:4)
  A tengu conjurer (D:13)
  An orc wizard (Orc:2)
  An orc (Orc:1)
  A bat (D:2)
  14 tentacles
20 creatures vanquished.

Grand Total: 2108 creatures vanquished

Notes
Turn   | Place    | Note
-------+----------+-------------------------------------------
     0 | D:5      | EnegeticOcto the Armataur Delver began the quest for the
                  | Orb.
     0 | D:5      | Reached XP level 1. HP: 19/19 MP: 1/1
    29 | D:5      | Noticed a scorpion
    44 | D:5      | Noticed a scorpion
   464 | D:5      | Reached skill level 3 in Fighting
   543 | D:4      | Reached XP level 2. HP: 24/27 MP: 2/2
   599 | D:3      | Noticed Ijyb
   805 | D:3      | Noticed a scorpion
  1048 | D:1      | Reached XP level 3. HP: 35/35 MP: 3/3
  1124 | D:1      | Found a faded altar of an unknown god.
  1127 | D:1      | Reached skill level 4 in Fighting
  1285 | D:1      | Found Zuatu's Distillery.
  1290 | D:1      | Bought a potion of curing for 30 gold pieces
  1290 | D:1      | Bought a potion of lignification for 30 gold pieces
  1741 | D:2      | Found a shimmering altar of Xom.
  1749 | D:2      | Reached XP level 4. HP: 43/43 MP: 4/4
  1873 | D:2      | Reached skill level 5 in Fighting
  2184 | D:2      | Reached XP level 5. HP: 42/51 MP: 5/5
  2388 | D:1      | Bought 2 potions of curing for 60 gold pieces
  2623 | D:3      | Noticed Jessica
  2644 | D:3      | Killed Jessica
  2645 | D:3      | Reached skill level 6 in Fighting
  2645 | D:3      | Reached skill level 2 in Maces & Flails
  3038 | D:1      | Bought a potion of heal wounds for 50 gold pieces
  3100 | D:4      | Reached XP level 6. HP: 57/60 MP: 6/6
  3509 | D:4      | Noticed Robin
  3542 | D:4      | Killed Robin
  4085 | D:5      | Reached skill level 3 in Maces & Flails
  4085 | D:5      | Reached XP level 7. HP: 68/68 MP: 7/7
  4154 | D:5      | Reached skill level 7 in Fighting
  4326 | D:5      | Found a runed translucent door.
  4329 | D:5      | Found a runed translucent door.
  4330 | D:5      | Noticed a vampire mosquito
  4714 | D:6      | Identified the +3 sling "Uxziera" {speed, rPois rCorr SInv}
  5240 | D:6      | Reached skill level 4 in Maces & Flails
  5280 | D:6      | Reached skill level 8 in Fighting
  5280 | D:6      | Reached XP level 8. HP: 76/79 MP: 8/8
  5471 | D:6      | Found a staircase to the Ecumenical Temple.
  5482 | Temple   | Entered the Ecumenical Temple
  5495 | Temple   | Became a worshipper of Warmaster Okawaru
  5758 | D:5      | Reached skill level 5 in Maces & Flails
  5843 | D:6      | Reached skill level 9 in Fighting
  6275 | D:7      | Found an iron altar of Okawaru.
  6297 | D:7      | Reached * piety under Okawaru
  6614 | D:7      | Reached XP level 9. HP: 36/90 MP: 9/9
  6880 | D:7      | Reached skill level 1 in Invocations
  6936 | D:7      | Reached skill level 10 in Fighting
  6937 | D:7      | Reached skill level 6 in Maces & Flails
  6937 | D:7      | Reached skill level 2 in Invocations
  7413 | D:8      | Reached skill level 1 in Axes
  7413 | D:8      | Reached skill level 1 in Shields
  7450 | D:8      | Reached ** piety under Okawaru
  7466 | D:8      | Reached skill level 2 in Axes
  7468 | D:8      | Reached skill level 3 in Invocations
  7473 | D:8      | Reached skill level 2 in Shields
  7727 | D:8      | Reached skill level 3 in Axes
  7966 | D:8      | Found a staircase to the Lair.
  7976 | D:8      | Found a sparkling altar of Nemelex Xobeh.
  7993 | D:8      | Reached skill level 3 in Shields
  7993 | D:8      | Found a blossoming altar of Fedhas.
  7993 | D:8      | Found a broken altar of Ashenzari.
  7994 | D:8      | Found a glowing silver altar of Zin.
  7995 | D:8      | Found a hide-covered altar of Uskayaw.
  7998 | D:8      | Found a shimmering blue altar of Sif Muna.
  8890 | D:9      | Reached skill level 4 in Invocations
  8896 | D:9      | Reached skill level 4 in Axes
  8929 | D:9      | Found Wyeliuce's Antique Armour Shoppe.
  8975 | D:9      | Reached XP level 10. HP: 95/99 MP: 13/13
  9004 | D:9      | Bought a shiny helmet for 255 gold pieces
  9235 | D:9      | Reached skill level 4 in Shields
  9466 | D:9      | Reached skill level 5 in Axes
  9473 | D:9      | Reached *** piety under Okawaru
  9593 | D:9      | Reached skill level 5 in Invocations
  9740 | D:9      | Got a resplendent book
  9759 | D:9      | Found a staircase to the Orcish Mines.
  9925 | D:10     | Entered Level 10 of the Dungeon
  9988 | D:10     | Reached skill level 5 in Shields
  9995 | D:10     | Reached skill level 1 in Armour
 10236 | D:10     | Reached skill level 6 in Axes
 10236 | D:10     | Reached skill level 2 in Armour
 10290 | D:10     | Noticed a two-headed ogre
 10321 | D:10     | Reached **** piety under Okawaru
 10322 | D:10     | Reached skill level 3 in Armour
 10544 | D:10     | Killed a two-headed ogre
 10545 | D:10     | Reached skill level 6 in Shields
 10627 | D:10     | Reached skill level 4 in Armour
 10627 | D:10     | Reached XP level 11. HP: 53/105 MP: 12/14
 10642 | D:10     | Reached skill level 7 in Axes
 11210 | Lair:1   | Entered Level 1 of the Lair of Beasts
 11306 | Lair:1   | Reached skill level 7 in Shields
 11341 | Lair:1   | Reached ***** piety under Okawaru
 11386 | Lair:1   | Reached skill level 8 in Axes
 11712 | Lair:1   | Reached skill level 8 in Shields
 11898 | Lair:1   | Found a runed translucent door.
 12144 | Lair:1   | Reached skill level 9 in Axes
 12407 | Lair:2   | Found a transporter.
 12422 | Lair:2   | Found a transporter.
 12427 | Lair:2   | Noticed Jolaclal's ghost (journeyman DjCj)
 12457 | Lair:2   | Received a gift from Okawaru
 12835 | Lair:2   | Noticed a death yak
 12839 | Lair:2   | Noticed a death yak
 12840 | Lair:2   | Noticed a death yak
 12849 | Lair:2   | Killed a death yak
 12850 | Lair:2   | Reached skill level 9 in Shields
 12850 | Lair:2   | Reached XP level 12. HP: 104/113 MP: 7/15
 12858 | Lair:2   | Killed a death yak
 12859 | Lair:2   | Reached skill level 10 in Axes
 12861 | Lair:2   | Killed a death yak
 12861 | Lair:2   | Received a gift from Okawaru
 12937 | Lair:2   | Noticed Sonja
 13134 | Lair:2   | Killed Sonja
 13148 | Lair:2   | Found a staircase to the Snake Pit.
 13261 | Lair:2   | Noticed a six-headed hydra
 13279 | Lair:2   | Killed a one-headed hydra
 13309 | Lair:2   | Found a staircase to the Shoals.
 13337 | Lair:2   | Reached skill level 10 in Shields
 13511 | Lair:2   | Noticed a five-headed hydra
 13516 | Lair:2   | Reached skill level 11 in Axes
 13520 | Lair:2   | Reached ****** piety under Okawaru
 13525 | Lair:2   | Killed a one-headed hydra
 13563 | Lair:2   | Acquired the +8 mithril axe "Arga" {speed, Will+}
 13563 | Lair:2   | Received a gift from Okawaru
 13563 | Lair:2   | Found the +8 mithril axe "Arga" {speed, Will+}
 13566 | Lair:2   | Acquired the +0 gold dragon scales of Filth {rPois rF+ rC+
                  | Dex+7}
 13566 | Lair:2   | Received a gift from Okawaru
 13635 | Lair:2   | Received a gift from Okawaru
 13659 | Lair:2   | Reached skill level 2 in Dodging
 13821 | Lair:2   | Noticed a seven-headed hydra
 13830 | Lair:2   | Killed a three-headed hydra
 14184 | Lair:3   | Reached skill level 5 in Armour
 14361 | Lair:3   | Reached skill level 12 in Axes
 14638 | Lair:3   | Reached XP level 13. HP: 120/120 MP: 16/16
 14648 | Lair:3   | Reached skill level 3 in Dodging
 15013 | Lair:4   | Received a gift from Okawaru
 15014 | Lair:4   | Reached skill level 6 in Armour
 15498 | Lair:4   | Found a staircase to the Slime Pits.
 15643 | Lair:5   | Entered Level 5 of the Lair of Beasts
 15709 | Lair:5   | Received a gift from Okawaru
 15714 | Lair:5   | Reached skill level 7 in Armour
 15779 | Lair:5   | Reached skill level 4 in Dodging
 15806 | Lair:5   | Reached skill level 13 in Axes
 16169 | Lair:5   | Received a gift from Okawaru
 16182 | Lair:5   | Reached skill level 8 in Armour
 16414 | Lair:5   | Reached skill level 5 in Dodging
 16455 | Lair:5   | Received a gift from Okawaru
 16460 | Lair:5   | Reached XP level 14. HP: 106/129 MP: 17/17
 16554 | Lair:5   | Reached skill level 9 in Armour
 17091 | D:11     | Reached skill level 14 in Axes
 17108 | D:11     | Noticed Nergalle
 17268 | D:11     | Killed Nergalle
 17292 | D:11     | Found a runed translucent gate.
 17293 | D:11     | Found a runed translucent gate.
 17293 | D:11     | Found a runed translucent gate.
 17298 | D:11     | Noticed Mindmass's ghost (journeyman HuCj)
 17666 | D:11     | Noticed Erica
 17672 | D:11     | Killed Erica
 17672 | D:11     | Received a gift from Okawaru
 18059 | D:3      | Killed Ijyb
 18318 | Orc:1    | Entered Level 1 of the Orcish Mines
 18341 | Orc:1    | Reached skill level 1 in Evocations
 18349 | Orc:1    | Found Woucuri's Distillery.
 18374 | Orc:1    | Noticed Josephine
 18387 | Orc:1    | Killed Josephine
 18425 | Orc:1    | Bought a potion of enlightenment for 75 gold pieces
 18630 | Orc:1    | Reached skill level 6 in Dodging
 18670 | Orc:1    | Noticed Urug
 18679 | Orc:1    | Killed Urug
 18680 | Orc:1    | Reached skill level 10 in Armour
 18725 | Orc:1    | Found a bloodstained altar of Trog.
 18753 | Orc:2    | Entered Level 2 of the Orcish Mines
 18761 | Orc:2    | Reached skill level 2 in Evocations
 18762 | Orc:2    | Received a gift from Okawaru
 18833 | Orc:2    | Found Pietan's General Store.
 18883 | Orc:2    | Found Uplubot's Antique Weapon Emporium.
 18895 | Orc:2    | Found a staircase to the Elven Halls.
 18970 | Orc:2    | Reached skill level 3 in Evocations
 18984 | Orc:2    | Reached skill level 6 in Invocations
 19063 | Orc:2    | Noticed an orc warlord
 19075 | Orc:2    | Killed an orc warlord
 19116 | Orc:2    | Bought a potion of heal wounds for 70 gold pieces
 19119 | Orc:2    | Found Zole's Antique Armour Shoppe.
 19151 | Orc:2    | Received a gift from Okawaru
 19207 | Orc:2    | Bought a heavily runed plate armour for 644 gold pieces
 19207 | Orc:2    | Identified the +0 plate armour of Cocytus {-Tele rCorr
                  | Int+8} (You bought it in a shop on level 2 of the Orcish
                  | Mines)
 19256 | Orc:2    | Found Pianotti's Book Boutique.
 19720 | D:1      | Bought a potion of haste for 100 gold pieces
 19720 | D:1      | Bought a potion of ambrosia for 80 gold pieces
 19720 | D:1      | Bought a potion of cancellation for 80 gold pieces
 19720 | D:1      | Bought a potion of mutation for 80 gold pieces
 19937 | Orc:1    | Bought a potion of resistance for 150 gold pieces
 19937 | Orc:1    | Bought a potion of mutation for 120 gold pieces
 19937 | Orc:1    | Bought a potion of curing for 45 gold pieces
 19937 | Orc:1    | Bought a potion of curing for 45 gold pieces
 20286 | D:12     | Reached XP level 15. HP: 128/134 MP: 19/19
 20746 | D:12     | Reached skill level 15 in Axes
 20954 | D:12     | Reached skill level 4 in Evocations
 21224 | D:13     | Received a gift from Okawaru
 21728 | D:14     | Found a glowing golden altar of the Shining One.
 21759 | D:14     | Found a gate to the Vaults.
 21814 | D:14     | Reached skill level 7 in Invocations
 21835 | D:14     | Reached skill level 7 in Dodging
 21916 | D:14     | Noticed Agnes
 21929 | D:14     | Killed Agnes
 21930 | D:14     | Reached skill level 5 in Evocations
 21940 | D:14     | Received a gift from Okawaru
 22776 | D:15     | Entered Level 15 of the Dungeon
 22800 | D:15     | Found a shadowy altar of Dithmenos.
 22997 | D:15     | Noticed Nessos
 23008 | D:15     | Killed Nessos
 23117 | D:15     | Found Revveoph's Weapon Boutique.
 23186 | D:15     | Found a staircase to the Depths.
 23609 | Lair:2   | Reached skill level 6 in Evocations
 23617 | Lair:2   | Killed Jolaclal's ghost
 23617 | Lair:2   | Received a gift from Okawaru
 23618 | Lair:2   | Reached skill level 8 in Invocations
 23630 | Lair:2   | Identified the +2 helmet of the Endless Expanse {Str-4
                  | Dex+4}
 23631 | Lair:2   | Identified the ring "Eqianiy" {MP+9 Slay+2}
 23749 | Lair:1   | Found a runed translucent gate.
 23760 | Lair:1   | Identified the +4 whip of the Fae God {flame, rF+ Str+4}
 23768 | Lair:1   | Found a runed translucent gate.
 23768 | Lair:1   | Found a runed translucent gate.
 23768 | Lair:1   | Found a runed translucent gate.
 23768 | Lair:1   | Found a runed translucent gate.
 23775 | Lair:1   | Noticed Jeremiah
 23776 | Lair:1   | Found a runed translucent gate.
 23825 | Lair:1   | Reached skill level 16 in Axes
 23828 | Lair:1   | Killed Jeremiah
 24293 | Snake:1  | Entered Level 1 of the Snake Pit
 24448 | Snake:1  | Reached XP level 16. HP: 143/143 MP: 22/22
 24483 | Snake:1  | Noticed Nikola
 24499 | Snake:1  | Killed Nikola
 24499 | Snake:1  | Received a gift from Okawaru
 24663 | Snake:1  | Reached skill level 8 in Dodging
 24689 | Snake:1  | Reached skill level 7 in Evocations
 25039 | Snake:1  | Noticed Aizul
 25052 | Snake:1  | Killed Aizul
 25053 | Snake:1  | Reached skill level 9 in Invocations
 25241 | Snake:1  | Received a gift from Okawaru
 25430 | Snake:2  | Reached skill level 1 in Throwing
 25561 | Snake:2  | Found Numoniam's Antique Armour Shoppe.
 25697 | Snake:2  | Reached skill level 2 in Throwing
 25754 | Snake:2  | Reached skill level 8 in Evocations
 25756 | Snake:2  | Received a gift from Okawaru
 25789 | Snake:2  | Noticed Louise
 25800 | Snake:2  | Killed Louise
 25984 | Snake:2  | Found Vowat's Armour Emporium.
 26530 | Snake:3  | Reached skill level 3 in Throwing
 26585 | Snake:3  | Received a gift from Okawaru
 26898 | Snake:3  | Reached skill level 11 in Armour
 26924 | Snake:3  | Reached skill level 10 in Invocations
 27001 | Snake:3  | Reached XP level 17. HP: 115/150 MP: 21/24
 27171 | Snake:3  | Reached skill level 11 in Shields
 29032 | Snake:4  | Entered Level 4 of the Snake Pit
 29109 | Snake:4  | Reached skill level 4 in Throwing
 29341 | Snake:4  | Received a gift from Okawaru
 29473 | Snake:4  | Reached skill level 11 in Fighting
 29953 | Snake:4  | Reached skill level 5 in Throwing
 29968 | Snake:4  | Reached skill level 12 in Armour
 30074 | Snake:4  | Received a gift from Okawaru
 30170 | Snake:4  | Reached skill level 11 in Invocations
 30289 | Snake:4  | Reached skill level 12 in Shields
 30403 | Snake:4  | Got a serpentine rune of Zot
 30628 | Shoals:1 | Entered Level 1 of the Shoals
 30653 | Shoals:1 | Identified a scroll of acquirement
 30772 | Shoals:1 | Found Rokhucvu's CLEARANCE SALE!.
 30919 | Shoals:1 | Bought a potion of cancellation for 24 gold pieces
 30919 | Shoals:1 | Bought a scroll of enchant armour for 22 gold pieces
 30919 | Shoals:1 | Acquired the +3 barding of the Charred God {rPois Stlth+}
 31103 | Shoals:1 | Found Join Dum's Distillery.
 31110 | Shoals:1 | Found Soycs's Distillery.
 31112 | Shoals:1 | Bought a potion of heal wounds for 55 gold pieces
 31112 | Shoals:1 | Bought a potion of heal wounds for 55 gold pieces
 31112 | Shoals:1 | Bought 2 potions of might for 88 gold pieces
 31112 | Shoals:1 | Bought a potion of enlightenment for 55 gold pieces
 31112 | Shoals:1 | Bought a potion of curing for 33 gold pieces
 31112 | Shoals:1 | Bought a potion of curing for 33 gold pieces
 31112 | Shoals:1 | Bought a potion of mutation for 88 gold pieces
 31134 | Shoals:1 | Bought a potion of heal wounds for 60 gold pieces
 31134 | Shoals:1 | Bought a potion of might for 48 gold pieces
 31134 | Shoals:1 | Bought a potion of cancellation for 96 gold pieces
 31134 | Shoals:1 | Bought a potion of curing for 36 gold pieces
 31134 | Shoals:1 | Bought a potion of mutation for 96 gold pieces
 31423 | Shoals:2 | Received a gift from Okawaru
 31541 | Shoals:2 | Reached skill level 6 in Throwing
 31751 | Shoals:2 | Reached XP level 18. HP: 162/162 MP: 26/26
 32211 | Shoals:3 | Noticed Ilsuiw
 32242 | Shoals:3 | Killed Ilsuiw
 32243 | Shoals:3 | Reached skill level 13 in Armour
 32428 | Shoals:3 | Reached skill level 12 in Fighting
 32455 | Shoals:3 | Received a gift from Okawaru
 32591 | Shoals:3 | Found Uzeapn's Magic Scroll Shop.
 32594 | Shoals:3 | Bought a scroll of silence for 114 gold pieces
 32594 | Shoals:3 | Bought a scroll of revelation for 90 gold pieces
 33118 | Shoals:4 | Entered Level 4 of the Shoals
 33125 | Shoals:4 | Identified the +1 helmet "Qeijiah" {rPois}
 33477 | Shoals:4 | Reached skill level 7 in Throwing
 33480 | Shoals:4 | Reached skill level 13 in Shields
 33517 | Shoals:4 | Reached skill level 12 in Invocations
 33618 | Shoals:4 | Noticed Mara
 33627 | Shoals:4 | Noticed EnegeticOcto's illusion
 33628 | Shoals:4 | Killed Mara
 33757 | Shoals:4 | Got a barnacled rune of Zot
 33874 | Shoals:4 | Received a gift from Okawaru
 34435 | Vaults:1 | Entered Level 1 of the Vaults
 34488 | Vaults:1 | Paralysed by a great orb of eyes for 4 turns
 34521 | Vaults:1 | Reached skill level 14 in Armour
 34893 | Vaults:1 | Received a gift from Okawaru
 34904 | Vaults:1 | Reached skill level 8 in Throwing
 34938 | Vaults:1 | Reached XP level 19. HP: 87/173 MP: 24/28
 35128 | Vaults:1 | Noticed Sojobo
 35157 | Vaults:1 | Killed Sojobo
 35161 | Vaults:1 | Noticed Asterion
 35172 | Vaults:1 | Killed Asterion
 35443 | Vaults:1 | Found a large runed translucent door.
 35443 | Vaults:1 | Found a large runed translucent door.
 35443 | Vaults:1 | Noticed Switch's ghost (veteran DDFi)
 35443 | Vaults:1 | Noticed Dacon's ghost (adept MiGl)
 35716 | Vaults:1 | Received a gift from Okawaru
 35751 | Vaults:1 | Reached skill level 14 in Shields
 35902 | Vaults:1 | Reached skill level 13 in Fighting
 36002 | Vaults:1 | Reached skill level 13 in Invocations
 36595 | Vaults:2 | Paralysed by a great orb of eyes for 3 turns
 36701 | Vaults:2 | Reached skill level 9 in Throwing
 36701 | Vaults:2 | Reached skill level 15 in Armour
 36703 | Vaults:2 | Received a gift from Okawaru
 37427 | Vaults:2 | Found a staircase to the Crypt.
 37871 | Vaults:3 | Received a gift from Okawaru
 38293 | Vaults:3 | Reached skill level 14 in Invocations
 38317 | Vaults:3 | Reached XP level 20. HP: 134/185 MP: 30/30
 38425 | Vaults:3 | Found Hak Meca's General Store.
 38433 | Vaults:3 | Bought a potion of heal wounds for 65 gold pieces
 38448 | Vaults:3 | Identified the +12 falchion of Ignis's Reproof {elec, Fly
                  | SInv}
 38503 | Vaults:3 | Reached skill level 10 in Throwing
 38525 | Vaults:3 | Received a gift from Okawaru
 38526 | Vaults:3 | Reached skill level 16 in Armour
 38864 | Vaults:3 | Reached skill level 14 in Fighting
 39054 | Vaults:3 | Identified the +1 long sword of Foolhardiness {spect, rPois
                  | rN+}
 39271 | Vaults:4 | Paralysed by a sphinx for 4 turns
 39286 | Vaults:4 | Received a gift from Okawaru
 39364 | Vaults:4 | Found the +5 scythe "Finisher" {speed, execute}
 39383 | Vaults:4 | Identified the +10 trident "Hibauke" {heavy, rElec}
 40768 | Elf:1    | Entered Level 1 of the Elven Halls
 40771 | Elf:1    | Received a gift from Okawaru
 40957 | Elf:1    | Found Fahor's General Store.
 40966 | Elf:1    | Bought a scroll of teleportation for 51 gold pieces
 40966 | Elf:1    | Bought a potion of curing for 51 gold pieces
 41002 | Elf:1    | Reached skill level 11 in Throwing
 41031 | Elf:1    | Found a runed translucent gate.
 41031 | Elf:1    | Found a runed translucent gate.
 41031 | Elf:1    | Found a runed translucent gate.
 41031 | Elf:1    | Found a runed translucent gate.
 41031 | Elf:1    | Found a runed translucent gate.
 41035 | Elf:1    | Reached skill level 17 in Armour
 41037 | Elf:1    | Found a runed translucent gate.
 41049 | Elf:1    | Identified the +3 leather armour of Defence {*Corrode Will+
                  | Str+4 Int+2}
 41660 | Elf:2    | Reached skill level 15 in Invocations
 41698 | Elf:2    | Paralysed by an air elemental for 1 turns
 41702 | Elf:2    | Paralysed by an air elemental for 1 turns
 41878 | Elf:2    | Found a runed translucent gate.
 41878 | Elf:2    | Found a runed translucent gate.
 41878 | Elf:2    | Found a runed translucent gate.
 41935 | Elf:2    | Found a frozen archway.
 41941 | IceCv    | Entered an ice cave
 42339 | IceCv    | Reached skill level 15 in Fighting
 42479 | IceCv    | Received a gift from Okawaru
 42493 | IceCv    | Reached XP level 21. HP: 101/196 MP: 27/32
 42951 | Elf:3    | Entered Level 3 of the Elven Halls
 43244 | Elf:3    | Found Zubuler's Distillery.
 43250 | Elf:3    | Found Jijomef's Distillery.
 43279 | Elf:3    | Bought a potion of heal wounds for 65 gold pieces
 43413 | Elf:3    | Reached skill level 12 in Throwing
 43429 | Elf:3    | Identified the +6 long sword of Doom {heavy, rElec Will-
                  | MP+9 Str-4}
 43470 | Elf:3    | Received a gift from Okawaru
 43894 | Elf:3    | Found the ring of the Octopus King {HP+2 MP+9 AC+2 EV+2
                  | SH+2}
 43971 | Elf:3    | Identified the +6 long sword "Ymuewues" {protect, Fly rCorr
                  | Str+4}
 44002 | Elf:3    | Found the +3 Mad Mage's Maulers {Infuse+∞ VampMP -Cast}
 44011 | Elf:3    | Identified the -1 pair of gloves of Puempegh {Dex+3}
 44076 | Elf:3    | Got a moth-eaten book
 44097 | Elf:3    | Identified the +7 sling of Grandeur {drain, Int+4}
 44268 | Elf:3    | Found Juah's Antique Armour Boutique.
 44270 | Elf:3    | Found Faeno's Weapon Shop.
 44273 | Elf:3    | Found Soghat's Assorted Antiques.
 44745 | Snake:2  | Bought a pitted plate armour for 924 gold pieces
 44745 | Snake:2  | Identified the +1 plate armour of Daczan {rElec rCorr
                  | Dex+3} (You bought it in a shop on level 2 of the Snake
                  | Pit)
 44978 | Depths:1 | Entered Level 1 of the Depths
 44978 | Depths:1 | Found Jyraschay's One-of-a-Kind Books.
 44981 | Depths:1 | Reached skill level 16 in Fighting
 45008 | Depths:1 | Reached skill level 13 in Throwing
 45568 | Depths:1 | Found a gateway to Hell.
 45747 | Depths:1 | Received a gift from Okawaru
 46527 | Depths:1 | Found an opulent altar of Gozag.
 47851 | Depths:2 | Found a one-way gateway to a ziggurat.
 47854 | Depths:2 | Received a gift from Okawaru
 48444 | Depths:2 | Reached skill level 14 in Throwing
 48449 | Depths:2 | Noticed a juggernaut
 48489 | Depths:2 | Killed a juggernaut
 48490 | Depths:2 | Reached skill level 17 in Fighting
 48494 | Depths:2 | Reached XP level 22. HP: 138/212 MP: 1/33
 48904 | Depths:2 | Identified the +1 halberd "Asuorphu" {freeze, Str+2}
 49163 | Depths:2 | Found a shimmering blue altar of Sif Muna.
 49350 | Depths:2 | Found a one-way gate to the infinite horrors of the Abyss.
 49523 | Depths:2 | Received a gift from Okawaru
 50115 | Depths:2 | Found a one-way gate leading to the halls of Pandemonium.
 50326 | Depths:1 | Found the +7 lajatang of Order {silver, rMut}
 50772 | Depths:3 | Noticed Margery
 50790 | Depths:3 | Killed Margery
 50791 | Depths:3 | Reached skill level 15 in Throwing
 51249 | Depths:3 | Received a gift from Okawaru
 51262 | Depths:3 | Noticed a dread lich
 51281 | Depths:3 | Paralysed by something for 2 turns
 51293 | Depths:3 | Gained mutation: You sometimes lose your temper in combat.
                  | [a cacodemon]
 51295 | Depths:3 | Killed a dread lich
 51509 | Depths:3 | Lost mutation: You sometimes lose your temper in combat.
                  | [potion of mutation]
 51509 | Depths:3 | Gained mutation: Your body sometimes deteriorates upon
                  | taking damage. [potion of mutation]
 51509 | Depths:3 | Gained mutation: Your system is resistant to poisons.
                  | (rPois) [potion of mutation]
 51509 | Depths:3 | Gained mutation: You are partially covered in iridescent
                  | scales. (AC +2) [potion of mutation]
 51509 | Depths:3 | Gained mutation: You are frail. (-10% HP) [potion of
                  | mutation]
 51509 | Depths:3 | Lost mutation: You are partially covered in iridescent
                  | scales. (AC +2) [potion of mutation]
 51509 | Depths:3 | Gained mutation: You have very sharp teeth. [potion of
                  | mutation]
 51510 | Depths:3 | Lost mutation: You have very sharp teeth. [potion of
                  | mutation]
 51510 | Depths:3 | Lost mutation: Your body sometimes deteriorates upon taking
                  | damage. [potion of mutation]
 51510 | Depths:3 | Lost mutation: You are frail. (-10% HP) [potion of
                  | mutation]
 51510 | Depths:3 | Lost mutation: Your system is resistant to poisons. (rPois)
                  | [potion of mutation]
 51510 | Depths:3 | Gained mutation: You are covered in fur. (AC +1) [potion of
                  | mutation]
 51510 | Depths:3 | Gained mutation: You expend magic power (3 MP) to
                  | strengthen your wands. [potion of mutation]
 51510 | Depths:3 | Gained mutation: You passively map a small area around you.
                  | [potion of mutation]
 51673 | Depths:3 | Identified the +12 arbalest "Hiownur" {heavy, +Blink rF+
                  | Stlth+}
 53043 | Depths:3 | Found a runed translucent gate.
 53043 | Depths:3 | Found a runed translucent gate.
 53043 | Depths:3 | Found a runed translucent gate.
 53043 | Depths:3 | Noticed Cekoi's ghost (veteran DjFE)
 53234 | Depths:4 | Entered Level 4 of the Depths
 53253 | Depths:4 | Noticed Vv
 53280 | Depths:4 | Killed Vv
 53281 | Depths:4 | Noticed Boris
 53291 | Depths:4 | Killed Boris
 53292 | Depths:4 | Reached skill level 16 in Invocations
 53331 | Depths:4 | Received a gift from Okawaru
 53562 | Depths:4 | Noticed Frederick
 53578 | Depths:4 | Killed Frederick
 53668 | Depths:4 | Reached skill level 15 in Shields
 53668 | Depths:4 | Reached XP level 23. HP: 163/223 MP: 2/35
 53923 | Depths:4 | Identified the +3 rapier of Wariness {spect, rF+ Will+
                  | Int+4}
 54186 | Depths:4 | Found a gate to the Realm of Zot.
 54218 | Depths:4 | Reached skill level 17 in Invocations
 54829 | Depths:4 | Found a bloodstained altar of Trog.
 55495 | Vaults:5 | Entered Level 5 of the Vaults
 55513 | Vaults:5 | Reached skill level 16 in Throwing
 56512 | Vaults:5 | Noticed an ancient lich
 56536 | Vaults:5 | Killed an ancient lich
 56564 | Vaults:5 | Received a gift from Okawaru
 56616 | Vaults:5 | Reached skill level 16 in Shields
 56616 | Vaults:5 | Reached skill level 18 in Invocations
 56906 | Vaults:5 | Noticed an ancient lich
 56942 | Vaults:5 | Killed an ancient lich
 57137 | Vaults:5 | Got a weird book
 57171 | Vaults:5 | Reached skill level 17 in Shields
 57494 | Vaults:5 | Received a gift from Okawaru
 57530 | Vaults:5 | Noticed an ancient lich
 57547 | Vaults:5 | Killed an ancient lich
 57645 | Vaults:5 | Identified the +13 crystal plate armour "Tisool" {rC+}
 58437 | Vaults:5 | Reached XP level 24. HP: 176/231 MP: 1/36
 58978 | Vaults:5 | Reached skill level 9 in Evocations
 59028 | Vaults:5 | Identified the +0 robe "Bisonav" {rN+}
 59355 | Vaults:5 | Got a silver rune of Zot
 59360 | Vaults:5 | Identified the +6 long sword "Ostradycs" {chaos, rF+ Will+
                  | Str+3 Stlth+}
 59363 | Vaults:5 | Identified the +3 morningstar of the Mind {pain, Fragile
                  | Int+3 Dex+7}
 59477 | Vaults:5 | Identified the +0 hand axe of Kismet {spect, MP+9}
 59650 | Vaults:5 | Noticed an ancient lich
 59657 | Vaults:5 | Killed an ancient lich
 60065 | Vaults:5 | Got a mumbling book
 60591 | Elf:3    | Bought 2 potions of resistance for 360 gold pieces
 60591 | Elf:3    | Bought a potion of resistance for 180 gold pieces
 60591 | Elf:3    | Bought a potion of might for 72 gold pieces
 60591 | Elf:3    | Bought 2 potions of enlightenment for 180 gold pieces
 60591 | Elf:3    | Bought 2 potions of cancellation for 288 gold pieces
 60596 | Elf:3    | Bought a potion of curing for 39 gold pieces
 60596 | Elf:3    | Bought a potion of curing for 39 gold pieces
 60596 | Elf:3    | Bought a potion of curing for 39 gold pieces
 60596 | Elf:3    | Bought a potion of invisibility for 104 gold pieces
 60825 | Shoals:1 | Bought 2 potions of cancellation for 192 gold pieces
 61171 | Vaults:3 | Bought a tin of tremorstones (2/2) for 520 gold pieces
 61795 | D:9      | Bought an embroidered scarf for 272 gold pieces
 62091 | Zot:1    | Entered Level 1 of the Realm of Zot
 62143 | Zot:1    | Reached skill level 17 in Throwing
 62159 | Zot:1    | Reached skill level 9 in Dodging
 62192 | Zot:1    | Received a gift from Okawaru
 62236 | Zot:1    | Reached skill level 10 in Evocations
 63210 | Zot:3    | Noticed an orb of fire
 63443 | Zot:2    | Killed an orb of fire
 63528 | Zot:3    | Reached skill level 11 in Evocations
 63713 | Zot:4    | Reached skill level 10 in Dodging
 64101 | Zot:5    | Entered Level 5 of the Realm of Zot
 65257 | Zot:5    | Reached skill level 12 in Evocations
 65551 | Zot:5    | Noticed an orb of fire
 65552 | Zot:5    | Noticed an orb of fire
 65570 | Zot:5    | Killed an orb of fire
 65576 | Zot:5    | Killed an orb of fire
 65577 | Zot:5    | Reached skill level 11 in Dodging
 65591 | Zot:5    | Received a gift from Okawaru
 65592 | Zot:5    | Noticed a Killer Klown
 65595 | Zot:5    | Noticed an orb of fire
 65600 | Zot:5    | Killed an orb of fire
 65601 | Zot:5    | Noticed an orb of fire
 65602 | Zot:5    | Reached XP level 25. HP: 218/238 MP: 34/36
 65607 | Zot:5    | Killed a Killer Klown
 65623 | Zot:5    | Gained mutation: You occasionally lose the ability to read
                  | scrolls when taking damage. [an orb of fire]
 65627 | Zot:5    | Killed an orb of fire
 65628 | Zot:5    | Reached skill level 13 in Evocations
 65695 | Zot:5    | Lost mutation: You occasionally lose the ability to read
                  | scrolls when taking damage. [potion of mutation]
 65695 | Zot:5    | Lost mutation: You passively map a small area around you.
                  | [potion of mutation]
 65695 | Zot:5    | Lost mutation: You are covered in fur. (AC +1) [potion of
                  | mutation]
 65695 | Zot:5    | Lost mutation: You expend magic power (3 MP) to strengthen
                  | your wands. [potion of mutation]
 65695 | Zot:5    | Gained mutation: You have sharp toenails. [potion of
                  | mutation]
 65695 | Zot:5    | Gained mutation: You are dopey. (Int -2) [potion of
                  | mutation]
 65695 | Zot:5    | Gained mutation: You are robust. (+10% HP) [potion of
                  | mutation]
 65721 | Zot:5    | Noticed an orb of fire
 65721 | Zot:5    | Lost mutation: You are robust. (+10% HP) [an orb of fire]
 65724 | Zot:5    | Got the Orb of Zot
 66149 | D:12     | Noticed Ogodas the pandemonium lord
 66169 | D:12     | Killed Ogodas the pandemonium lord
 66368 | Arena    | Entered the Arena
 66468 | D:$      | Escaped with the Orb!

Illustrated notes

Levels and vault maps discovered:
D:1:      minmay_arrival_stone_box, layout_basic, serial_shops, shop,
          basic_ecumenical_altar, kennysheep_boxes
D:2:      cheibrodos_greedy_goblins, layout_basic, basic_altar,
          kennysheep_generic_room_2
D:3:      layout_rooms, uniq_jessica, uniq_ijyb
D:4:      layout_basic, minmay_goblin_outpost, uniq_robin
D:5:      lemuel_insect_pit, layout_basic
D:6:      layout_rooms, temple_green
D:7:      layout_loops_cross, david_defended_altar_orc
D:8:      layout_layer_cave, minitemple, dpeg_oklobed_lair
D:9:      lemuel_ice_spiral_2, layout_rooms, hiddenorc2_lemuel, serial_shops,
          nicolae_shop_tiny_waterfront
D:10:     layout_cave_pods, kennysheep_generic_room_3
D:11:     layout_cave_pods, maelrawn_ghost_gauntlet_escape, minmay_checkerbox,
          uniq_erica, uniq_nergalle
D:12:     layout_gridville, hangedman_tell_no_tales
D:13:     layout_roguey
D:14:     layout_stronghold, lightli_vaults_fourway_checkpoint,
          nicolae_tso_carved_into_rock, minivault_19, lightli_fourway_metalbox,
          uniq_agnes
D:15:     grunt_enter_depths_hoard, layout_small_grid, abandoned_shop,
          serial_shops, shop, grunt_dithmenos_smoke_and_mirrors, uniq_nessos
Temple:   regret_index_temple_sphere_string
Lair:1:   gammafunk_indiana_jones, layout_regular_city,
          chequers_serial_rivers_small_3, uniq_jeremiah
Lair:2:   nzn_winding_woodlands_medium [nzn_winding_woodlands_5x5_closed_star,
          nzn_winding_woodlands_5x15_eye, nzn_winding_woodlands_5x5_perimeter,
          nzn_winding_woodlands_5x5_checkerboard,
          nzn_winding_woodlands_center_triple_pond,
          nzn_winding_woodlands_5x5_open_star,
          nzn_winding_woodlands_5x5_default,
          nzn_winding_woodlands_5x15_pathside_ponds,
          nzn_winding_woodlands_5x5_cross], layout_cave_shapes,
          elwin_shoals_entry_rocks, nicolae_snake_entry_warm_welcome,
          gammafunk_ghost_berserking_beasts, infiniplex_staircase_pool_2,
          uniq_sonja
Lair:3:   layout_misc_corridors
Lair:4:   layout_gridlike, minmay_slime_entry_oklob_open,
          grunt_forest_stairs_clearing
Lair:5:   guppyfry_lair_end_dragon, layout_long_grid,
          hangedman_lair_tendril_chambers, grunt_megastairs_4
Shoals:1: layout_shoals, serial_shops, shop, shop, nicolae_shop_clearance
Shoals:2: cheibrodos_shoals_baths, layout_shoals
Shoals:3: layout_shoals, serial_shops, nicolae_shop_tiny_real_fake_doors,
          argonaut_gorgonesque, uniq_ilsuiw
Shoals:4: shoals_end_hellmonk_lost_city, uniq_mara
Snake:1:  layout_misc_corridors, statue_in_the_mist_lemuel, uniq_aizul,
          uniq_nikola
Snake:2:  layout_rooms, serial_shops, nicolae_shop_hallway_plus,
          nicolae_shop_statue_plus, st_stairs_1, uniq_louise
Snake:3:  layout_cave_town
Snake:4:  minmay_snake_end_coiled, layout_gridlike
Orc:1:    layout_caves, serial_shops, shop, basic_altar, uniq_urug,
          uniq_josephine
Orc:2:    grunt_orc_gardens, layout_caves, grunt_orc_garden, grunt_orc_garden,
          grunt_orc_garden, grunt_orc_garden, basic_altar
Elf:1:    elf_arrival_002, layout_geoelf_grid, serial_shops, shop, orc_legates
Elf:2:    nicolae_elf_blades_splatter_lattice [nooodl_blade_entry_preview],
          layout_loops_cross, portal_ice_cave_entry_dragon, uniq_asterion
Elf:3:    minmay_elf_hall_x, layout_gridlike, serial_shops,
          nicolae_shop_industrial_runoff, nicolae_shop_just_a_little_nook,
          special_room [special_room_mythical_zoo], minmay_shop_star
Vaults:1: advil_vaults_ghost_guards, v_rooms_6, v_misc_10,
          hangedman_vaults_pinch, nicolae_vaults_asterisk,
          dpeg_vaults_monster_box, v_rooms_6, vaults_mumra_hexcomb,
          sword_in_stone, layout_vaults_omnigrid
Vaults:2: minmay_crypt_entry_simple_box, v_misc_1, v_misc_2,
          nicolae_vaults_closet_pinwheel_6, v_misc_11,
          vaults_dpeg_emergency_exit, nicolae_vaults_variable_pillar_hall,
          layout_vaults_ring, serial_glass
Vaults:3: vaults_room_fours, nicolae_vaults_apartment_1, v_misc_16,
          vaults_room_hangedman_quadrants, v_rooms_4, v_pattern_2,
          nicolae_vaults_border_crossing, hangedman_vaults_stream,
          nicolae_vaults_tetromino_T_2, vaults_dpeg_cross, grunt_vaults_swirl,
          nicolae_vaults_tetromino_T_1, layout_vaults_omnicross, serial_shops,
          nicolae_shop_statue_plus
Vaults:4: vaults_room_boxed, nicolae_vaults_tangent_ellipses,
          nicolae_vaults_steering_wheel, grunt_vaults_twisty,
          nicolae_vaults_tetromino_Z_1, nicolae_vaults_house_1,
          nicolae_vaults_theta, nicolae_vaults_little_squares_6, v_misc_5,
          grunt_vaults_hallway_short, vaults_room_pool, layout_vaults_omnibox
Vaults:5: serial_shops
Depths:1: layout_honeycomb, grunt_hell_entry_dis_grunt,
          chequers_serial_rivers_small_b, nicolae_rare_books,
          nicolae_gozag_seed_capital, serial_bayou_shore_b, firewood_loft,
          grunt_megastairs_3
Depths:2: nicolae_fronds_of_death, layout_honeycomb, enter_ziggurat_c,
          nicolae_sif_muna_condensation, hell_entry, rand_demon_pan_entry_8,
          hangedman_abyss_entry_splay
Depths:3: kennysheep_green_arena, layout_gridlike,
          biasface_ghost_demon_polymorph, roderic_malta_cross, abyss_entry,
          hell_entry, hangedman_decor_growths, uniq_jory, uniq_margery
Depths:4: evilmike_zot_entry_argh, layout_basic, hell_entry,
          minmay_misc_feat_tiny, evilmike_spriggan_trog_shrine, uniq_vv,
          uniq_frederick, uniq_boris
Zot:1:    kennysheep_spiral_hall, layout_misc_corridors
Zot:2:    layout_gridville
Zot:3:    layout_misc_corridors
Zot:4:    layout_concentric_octagons, grunt_ministairs_14, st_stairs_9,
          bh_zot_lava_cross, grunt_megastairs_5
Zot:5:    layout_gridville, grunt_ministairs_4,
          hangedman_zot_decor_checkerboard, st_stairs_1, lemuel_baited_zot_trap

Skill      XL: |  1  2  3  4  5  6  7  8  9 10 11 12 13 14 15 16 17 18 19 20 21 22 23 24 25 |
---------------+----------------------------------------------------------------------------+-----
Fighting       | 3 4 5 6 8 9 10 11 12 13 15 17 | 17.9
Maces & Flails | 2 3 4 5 6 |  6.0
Invocations    | 4 5 6 8 10 11 12 14 15 16 18 | 18.0
Axes           | 4 6 9 12 13 14 16 | 16.5
Shields        | 3 6 9 10 12 13 14 15 17 | 17.9
Armour         | 4 5 8 10 11 12 14 15 17 | 17.9
Dodging        | 2 5 6 7 8 11 | 11.8
Evocations     | 3 6 8 12 13 | 13.7
Throwing       | 3 6 8 9 11 14 15 16 17 | 17.9
Stealth        | |  5.4

Action                     |  1- 3 |  4- 6 |  7- 9 | 10-12 | 13-15 | 16-18 | 19-21 | 22-24 | 25-27 || total
---------------------------+-------+-------+-------+-------+-------+-------+-------+-------+-------++-------
  Melee: Quarterstaff      |     8 |       |       |       |       |       |       |       |       ||     8
         Lajatang          |    78 |   175 |   178 |       |       |       |       |       |       ||   431
         Tailslap          |     7 |    14 |    43 |    97 |   278 |   383 |   473 |   313 |     6 ||  1614
         War axe           |       |       |   136 |   418 |     7 |       |       |       |       ||   561
         Broad axe         |       |       |       |    94 |  1317 |  1750 |  1866 |  1344 |    54 ||  6425
   Fire: Sling             |       |       |    14 |       |       |       |       |       |       ||    14
  Throw: Dart              |       |     2 |       |     8 |       |     7 |       |       |       ||    17
         Boomerang         |       |       |       |       |       |    54 |    42 |   312 |   109 ||   517
         Javelin           |       |       |       |       |       |       |     6 |    64 |    10 ||    80
 Invoke: Heroism           |       |       |     3 |     4 |    12 |    15 |    12 |    22 |     6 ||    74
         Finesse           |       |       |       |     1 |     6 |     8 |     8 |    11 |     5 ||    39
         Receive Weapon    |       |       |       |     1 |       |       |       |       |       ||     1
         Receive Armour    |       |       |       |     1 |       |       |       |       |       ||     1
         Duel              |       |       |       |       |       |       |       |       |     1 ||     1
  Evoke: Wand              |     1 |       |     1 |     5 |     2 |     2 |     7 |     3 |       ||    21
    Use: Scroll            |     1 |     6 |     6 |     8 |     9 |     5 |     4 |     9 |     6 ||    54
         Potion            |       |     1 |     1 |     2 |       |     5 |     9 |    12 |     6 ||    36
   Stab: Sleeping          |     8 |    10 |     5 |     5 |       |       |       |       |       ||    28
         Distracted        |       |     2 |     1 |     3 |       |       |       |     2 |       ||     8
         Paralysed         |       |       |       |     3 |     5 |       |       |       |       ||     8
         Confused          |       |       |       |       |     1 |       |       |       |       ||     1
         Invisible         |       |       |       |       |       |       |       |    37 |       ||    37
 Armour: Leather armour    |    75 |   112 |    91 |       |       |       |       |       |       ||   278
         Scale mail        |       |       |   180 |    64 |       |       |       |       |       ||   244
         Steam dragon scal |       |       |       |   260 |       |       |       |       |       ||   260
         Gold dragon scale |       |       |       |    79 |   788 |   778 |   852 |   431 |       ||  2928
         Crystal plate arm |       |       |       |       |       |       |       |   240 |    46 ||   286
  Dodge: Dodged            |    46 |   185 |   206 |   187 |   207 |   453 |   482 |   375 |    24 ||  2165
  Block: Kite shield       |       |       |    64 |   263 |   584 |   844 |   725 |   563 |    36 ||  3079

Table legend: (Time is in decaauts)
 A = Elapsed time spent in this place.
 B = Non-inter-level travel time spent in this place.
 C = Inter-level travel time spent in this place.
 D = Time resting spent in this place.
 E = Time spent auto-exploring this place.
 F = Levels seen in this place.
 G = Mean time per level.
                   A        B        C        D        E       F      G
               +--------+--------+--------+--------+--------+-----+--------+
         Total |  63533 |  55011 |   8522 |   5586 |  38512 |  50 | 1270.7 |
       Dungeon |  19268 |  15133 |   4135 |   1691 |  10018 |  15 | 1284.5 |
        Temple |     26 |      2 |     24 |      0 |      0 |   1 |   26.0 |
          Lair |   7125 |   5903 |   1222 |    392 |   4249 |   5 | 1425.0 |
        Shoals |   3215 |   2976 |    239 |    156 |   2070 |   4 |  803.8 |
     Snake Pit |   4403 |   3918 |    485 |    115 |   2744 |   4 | 1100.8 |
  Orcish Mines |   1392 |   1107 |    285 |     20 |    759 |   2 |  696.0 |
   Elven Halls |   3040 |   2660 |    380 |    255 |   1989 |   3 | 1013.3 |
        Vaults |  10468 |   9654 |    814 |   1183 |   6701 |   5 | 2093.6 |
        Depths |  10421 |   9622 |    799 |    151 |   8465 |   4 | 2605.2 |
           Zot |   3486 |   3350 |    136 |   1547 |   1182 |   5 |  697.2 |
      Ice Cave |    662 |    662 |      0 |     63 |    335 |   1 |  662.0 |
         Arena |     21 |     21 |      0 |     10 |      0 |   1 |   21.0 |
               +--------+--------+--------+--------+--------+-----+--------+

Top non-repeatable levels by time:
Vaults:5: 4404 daAuts
Depths:3: 2896 daAuts
Depths:1: 2888 daAuts
Depths:2: 2672 daAuts
  Lair:2: 2242 daAuts
     D:8: 2147 daAuts
     D:5: 1969 daAuts
Depths:4: 1964 daAuts
Vaults:1: 1850 daAuts
  Lair:1: 1686 daAuts
   Zot:5: 1556 daAuts
   Elf:3: 1517 daAuts
     D:9: 1513 daAuts
     D:7: 1478 daAuts
Vaults:3: 1474 daAuts
